 Dungeon Crawl Stone Soup version 0.29-a0-322-g68df515428 (webtiles) character file.

Game seed: 15246380241591658043

217962 dolemite99 the Green Death (level 19, -1/148 HPs)
             Began as a Gnoll Earth Elementalist on Apr 7, 2022.
             Was a High Priest of Fedhas.
             Slain by a harpy (11 damage)
             ... on level 1 of the Vaults on Apr 8, 2022.
             The game lasted 01:57:30 (82006 turns).

dolemite99 the Green Death (GnEE)                  Turns: 82006, Time: 01:57:30

Health: -1/148     AC: 20    Str:  7    XL:     19   Next: 10%
Magic:  2/36       EV: 15    Int: 28    God:    Fedhas [*****.]
Gold:   1070       SH:  9    Dex: 14    Spells: 3/45 levels left

rFire   . . .      SeeInvis .   a - +3 hand crossbow (elec)
rCold   + . .      Faith    +   M - +2 buckler
rNeg    . . .      Spirit   .   O - +4 ring mail {Will+}
rPois   +          Reflect  .   (no helmet)
rElec   .          Harm     .   l - +0 cloak {rPois}
rCorr   .          Rampage  .   y - +2 pair of gloves
Will    ++...                   x - +2 pair of boots
Stlth   +++++.....              i - amulet of faith
HPRegen 0.34/turn               f - +6 ring of intelligence {=R}
MPRegen 0.25/turn               h - ring of protection from cold

@: marked, studying Maces & Flails
A: fangs 1, strong nose, distributed training
}: 1/15 runes: gossamer
a: Renounce Religion, Wall of Briars, Grow Ballistomycete, Overgrow, Grow Oklob


You were on level 1 of the Vaults.
You worshipped Fedhas.
Fedhas was extremely pleased with you.
You visited 7 branches of the dungeon, and saw 32 of its levels.

You collected 3491 gold pieces.
You spent 2389 gold pieces at shops.
You donated 32 gold pieces to Zin.

Inventory:

Hand Weapons
 a - a +3 hand crossbow of electrocution (weapon)
 b - a +0 demon trident of electrocution
Missiles
 A - 8 javelins
 B - 54 poisoned darts
Armour
 l - a +0 cloak of poison resistance (worn)
 s - a +2 cloak
 x - a +2 pair of boots (worn)
 y - a +2 pair of gloves (worn)
 M - a +2 buckler (worn)
 O - a +4 ring mail of willpower (worn)
Magical Staves
 r - a staff of air
Jewellery
 d - a ring of see invisible
 e - a ring of protection from fire
 f - a +6 ring of intelligence (left hand) {=R}
 h - a ring of protection from cold (right hand)
 i - an amulet of faith (around neck)
 o - an amulet of reflection
 q - a ring of resist corrosion
 K - a ring of willpower
 W - a +4 ring of slaying
Wands
 E - a wand of polymorph (16)
 Z - a wand of digging (29)
Scrolls
 c - 12 scrolls of identify {@r1}
 j - 4 scrolls of silence
 v - a scroll of magic mapping
 D - 2 scrolls of brand weapon
 F - 2 scrolls of fog
 I - 3 scrolls of vulnerability
 S - 2 scrolls of amnesia
 U - 3 scrolls of holy word
Potions
 m - 6 potions of flight
 n - 5 potions of cancellation
 p - 3 potions of berserk rage
 t - 5 potions of might
 w - 2 potions of haste
 z - 5 potions of attraction
 G - 9 potions of curing
 N - 4 potions of lignification
 R - 5 potions of ambrosia
 V - 2 potions of resistance {unknown}
 X - 4 potions of brilliance
Miscellaneous
 k - a phial of floods (inert)
 H - a tin of tremorstones (inert)
 P - a phantom mirror (inert)


   Skills:
 + Level 12.8 Fighting
 + Level 12.8 Short Blades
 + Level 12.8 Long Blades
 + Level 12.8 Axes
 + Level 12.9 Maces & Flails
 + Level 12.8 Polearms
 + Level 12.8 Staves
 + Level 12.8 Slings
 + Level 12.8 Bows
 + Level 12.8 Crossbows
 + Level 12.8 Throwing
 + Level 12.8 Armour
 + Level 13.6 Dodging
 + Level 13.5 Stealth
 + Level 12.8 Shields
 + Level 12.8 Unarmed Combat
 + Level 13.7 Spellcasting
 + Level 10.9 Conjurations
 + Level 10.9 Hexes
 + Level 10.9 Summonings
 + Level 10.9 Necromancy
 + Level 10.9 Translocations
 + Level 11.1 Transmutations
 + Level 10.9 Fire Magic
 + Level 10.9 Ice Magic
 + Level 10.9 Air Magic
 + Level 12.1 Earth Magic
 + Level 10.9 Poison Magic
 + Level 13.9 Invocations
 + Level 12.8 Evocations


You had 3 spell levels left.
You knew the following spells:

 Your Spells              Type           Power      Damage    Failure   Level
a - Summon Mana Viper     Hex/Summ       69%        N/A       2%          5
b - Mephitic Cloud        Conj/Pois/Air  69%        N/A       1%          3
c - Olgreb's Toxic Radia  Pois           69%        N/A       1%          4
d - Summon Forest         Summ/Tloc      34%        N/A       2%          5
e - Passwall              Tmut/Erth      59%        N/A       1%          2
f - Fulminant Prism       Conj/Hex       34%        3d16      1%          4
g - Lee's Rapid Deconstr  Erth           36%        3d19*     1%          5
h - Iskenderun's Mystic   Conj/Tloc      69%        2d14      1%          4
i - Animate Dead          Necr           34%        N/A       1%          4
j - Cause Fear            Hex            34%        N/A       1%          4
k - Blink                 Tloc           100%       N/A       1%          2

Your spell library contained the following spells:

 Spells                   Type           Power      Damage    Failure   Level
 Apportation              Tloc           100%       N/A       1%          1
 Foxfire                  Conj/Fire      100%       2x1d9     1%          1
 Magic Dart               Conj           100%       1d8       1%          1
 Sandblast                Erth           100%       2d20      1%          1
 Call Imp                 Summ           69%        N/A       1%          2
 Scorch                   Fire           100%       2d10      1%          2
 Sublimation of Blood     Necr           69%        N/A       1%          2
 Confusing Touch          Hex            69%        N/A       1%          3
 Conjure Flame            Conj/Fire      69%        6-21      1%          3
 Ignite Poison            Fire/Tmut/Pois 69%        N/A       1%          3
 Inner Flame              Hex/Fire       69%        N/A       1%          3
 Lesser Beckoning         Tloc           69%        N/A       1%          3
 Stone Arrow              Conj/Erth      100%       3d13      1%          3
 Flame Wave               Conj/Fire      69%        2d13      1%          4
 Petrify                  Tmut/Erth      71%        N/A       1%          4
 Alistair's Intoxication  Tmut/Pois      46%        N/A       2%          5
 Blade Hands              Tmut           34%        N/A       2%          5
 Freezing Cloud           Conj/Ice/Air   34%        6-21      2%          5
 Irradiate                Conj/Tmut      34%        3d24      2%          5
 Manifold Assault         Tloc           69%        N/A       2%          5
 Yara's Violent Unravell  Hex/Tmut       34%        3d14      2%          5
 Eringya's Noxious Bog    Tmut/Pois      34%        N/A       13%         6
 Summon Cactus Giant      Summ           34%        N/A       14%         6
 Dragon Form              Tmut           34%        N/A       56%         7
 Enfeeble                 Hex            34%        N/A       58%         7
 Haunt                    Necr/Summ      34%        N/A       58%         7
 Ozocubu's Refrigeration  Ice            34%        4d11      58%         7
 Summon Hydra             Summ           34%        N/A       58%         7
 Discord                  Hex            34%        N/A       99%         8
 Ignition                 Fire           34%        3d11      99%         8
 Infestation              Necr           34%        N/A       99%         8
 Dragon's Call            Summ           34%        N/A       100%        9


Dungeon Overview and Level Annotations

Branches:
Dungeon (15/15)            Temple (1/1) D:6            Lair (6/6) D:8
  Swamp (3/4) Lair:4       Spider (4/4) Lair:3        Slime (0/5) Lair:6
    Orc (2/2) D:12            Elf (0/3) Orc:2        Vaults (1/5) D:13
 Depths (0/4) D:15

Altars:
Ashenzari
Cheibriados
Dithmenos
Elyvilon
Fedhas
Gozag
Hepliaklqana
Kikubaaqudgha
Makhleb
Nemelex Xobeh
Okawaru
Qazlal
Ru
Sif Muna
Trog
Uskayaw
Vehumet
Wu Jian
Xom
Yredelemnul
Zin
The Shining One
Beogh
Jiyva

Shops:
D:3 :   Orc:2 =(![

Annotations:
D:8 1 runed translucent door, tonyyikes's ghost, weakling KoDe
D:9 2 transporters
D:10 2 transporters, rabbitsville's ghost, journeyman TrTm
D:14 3 runed translucent doors, sammy202020's ghost, journeyman DsBe; sokol815's ghost, journeyman SpBr
Spider:2 1 runed translucent door, Fawason's ghost, adept HuFi
Vaults:1 1 transporter, Asterion


Innate Abilities, Weirdness & Mutations

You have very sharp teeth.
Your uncanny sense of smell can sniff out nearby items.
Your experience applies equally to all skills.


Message History

Something hits you but does no damage. The harpy misses you.
The harpy closely misses you. The brown ugly thing misses you.
You hear some strange, mumbled words.
You block the harpy's attack. The harpy barely misses you.
A wolf comes into view.
The brown ugly thing looks more healthy.
The harpy barely misses you. The harpy closely misses you.
The harpy claws you but does no damage. You block the harpy's attack.
Casting: Blink (safe; 1% risk of failure)
Confirm with . or Enter, or press ? or * to list all spells.
You blink.
You block the harpy's attack. The harpy claws you but does no damage.
The wolf misses you.
A very large slime creature splits.
You block the harpy's attack. The harpy barely misses you.
The white ugly thing attacks as you move away!
The white ugly thing kicks you.
* * * LOW HITPOINT WARNING * * *
The white ugly thing freezes you! You resist.
* * * LOW HITPOINT WARNING * * *
The harpy claws you but does no damage. The harpy closely misses you.
Something hits you.
* * * LOW HITPOINT WARNING * * *
Two slime creatures merge to form a very large slime creature.
The harpy attacks as you move away! The harpy misses you.
You block the harpy's attack. Something hits you but does no damage.
The wolf barely misses you. The harpy closely misses you.
The harpy barely misses you. The wolf bites you but does no damage.
The harpy barely misses you. The harpy claws you but does no damage.
The harpy claws you but does no damage. The harpy misses you.
The wolf misses you. You block the harpy's attack. The harpy misses you.
The white ugly thing kicks you but does no damage.
Something hits you but does no damage.
Found a stone staircase leading down.
You are no longer corroded.
The harpy screeches!
The harpy claws you but does no damage. The harpy barely misses you.
The harpy claws you but does no damage. The harpy completely misses you.
There is an open door here.
The harpy attacks as you move away! The harpy claws you!
You die...
Fedhas appreciates your contribution to the ecosystem.

######## #......#
#......# #......#
********** #Jh....#
*,,+,,+,,* #.uu...#
*,,+,,+,,* #Hu....#
*,,****,,***#@######*
*,,* *,,#..........#
*,,* *,,#..........#
#
*,,****''#.....>....#
#
*,,,,,,,,#..........#
#
*,,,,,,,,'..........#
#
********##..........#
# ### ###
########'###* # #.#
#.# *,,,,,,,*


You could see 3 ugly things, a very large slime creature, a harpy and a wolf.

Vanquished Creatures
  An ancient lich (Vaults:1)
  Arachne (Spider:4)
  Rupert (Spider:1)
  Frances (D:14)
  Donald (Orc:2)
  A deep elf sorcerer (Vaults:1)
  A vault warden (Vaults:1)
  A ghoul (Swamp:2)
  2 ghost moths (Spider:4)
  3 ironbound preservers
  3 broodmothers
  An ironbound thunderhulk (Vaults:1)
  4 eleionomae
  2 entropy weavers (Spider:2)
  4 spark wasps
  A dire elephant (Lair:6)
  4 bunyips
  Snorg (D:12)
  A deep elf death mage (Vaults:1)
  2 ettins
  Josephine (D:14)
  A great orb of eyes (Vaults:1)
  15 hydras
  Fannar (D:10)
  10 boulder beetles
  3 rakshasas
  9 centaur warriors
  A jorogumo (Spider:1)
  An ironbound frostheart (Vaults:1)
  3 ogre magi
  A death knight (D:15)
  A catoblepas (D:14)
  A two-headed ogre (D:11)
  6 radroaches
  9 alligators
  An orc high priest (Orc:1)
  4 tengu warriors
  3 death yaks (Lair:6)
  10 pharaoh ants
  A sun moth (Spider:2)
  11 deep trolls
  A skeletal warrior (D:13)
  5 swamp dragons
  7 goliath frogs
  7 bog bodies
  3 spriggan druids
  A death drake (Swamp:2)
  8 steelbarb worms
  10 orb spiders
  A glowing orange brain (Vaults:1)
  2 ironbound convokers (Vaults:1)
  2 orc knights (Orc:1)
  A lindwurm (Vaults:1)
  6 wizards
  2 necromancers (Vaults:1)
  3 ugly things
  22 wolf spiders
  2 deep elf pyromancers
  14 orc sorcerers
  A will-o-the-wisp (Swamp:2)
  4 cyclopes
  2 manticores
  A tengu skeleton (Vaults:1)
  2 moths of wrath
  Joseph (D:7)
  4 elephants (Lair:4)
  3 vault sentinels (Vaults:1)
  6 black mambas
  6 torpor snails
  2 gargoyles (D:11)
  An unseen horror (D:12)
  Maggie (D:8)
  12 cane toads
  5 demonic crawlers
  15 komodo dragons
  4 rime drakes
  2 freezing wraiths
  10 trolls
  A bloated husk (Swamp:3)
  A meliai (Spider:4)
  10 tyrant leeches
  10 polar bears
  12 hornets
  29 blink frogs
  9 slime creatures
  20 tarantellas
  2 dream sheep (Lair:6)
  23 culicivoras
  17 jumping spiders
  2 water elementals (D:12)
  18 spriggans
  A shadow (D:14)
  2 centaur simulacra (D:11)
  23 yaks
  4 basilisks
  9 wraiths
  6 wyverns
  44 redbacks
  A fire elemental (D:15)
  11 vampire mosquitoes
  A steam dragon (D:9)
  A spatial vortex (Vaults:1)
  Edmund (D:4)
  2 wargs (Orc:1)
  8 swamp worms
  2 acid dragons
  11 water moccasins
  A floating eye (shapeshifter) (D:13)
  An ice beast (D:11)
  4 black bears
  A swamp drake (Swamp:3)
  21 orc warriors
  A sky beast (D:7)
  24 wolves
  7 boggarts
  7 ogres
  2 phantoms
  4 centaurs
  2 human skeletons (Vaults:1)
  3 kobold brigands
  3 gnoll sergeants
  17 bullfrogs
  4 necrophages
  5 scorpions
  5 wights
  A human simulacrum (Vaults:1)
  10 howler monkeys
  8 electric eels
  2 jellies (D:5)
  9 hounds
  4 gnoll shamans
  13 orc priests
  2 iguanas
  32 orc wizards
  5 hell rats (Lair:4)
  9 adders
  30 gnolls
  A shadow imp (D:7)
  4 white imps
  An ufetubus (D:5)
  2 worms
  2 dart slugs
  76 orcs
  5 ball pythons
  8 endoplasms
  3 giant cockroaches
  11 goblins
  8 hobgoblins
  6 quokkas
  12 bats
  3 frilled lizards
  22 kobolds
  A rat (D:1)
  5 ballistomycete spores
996 creatures vanquished.

Vanquished Creatures (collateral kills)
  2 frost giants (Vaults:1)
  An emperor scorpion (Spider:4)
  Louise (D:14)
  2 ghost moths (Spider:4)
  A yaktaur captain (Vaults:1)
  A hydra (Lair:6)
  A boulder beetle (Vaults:1)
  A ghost crab (Swamp:3)
  A goliath frog (Swamp:2)
  3 deep trolls (Vaults:1)
  An orb spider (Spider:2)
  A steelbarb worm (Spider:4)
  2 lindwurms (Vaults:1)
  A deep elf pyromancer (D:14)
  7 ugly things
  3 wolf spiders (Spider:4)
  A torpor snail (Spider:4)
  5 tarantellas
  3 slime creatures
  2 jumping spiders
  2 culicivoras (Spider:2)
  2 yaks
  3 redbacks (Spider:4)
  A swamp worm (Swamp:2)
  A black bear (Lair:6)
  An ogre (Orc:2)
  A boggart (Lair:6)
  A wolf (Lair:6)
  A gnoll (D:9)
  An orc (Orc:1)
  182 ballistomycete spores
236 creatures vanquished.

Vanquished Creatures (others)
  2 thorn hunters
  2 eleionomae
  3 shambling mangroves
  A spriggan air mage (Swamp:2)
  A hydra (Swamp:2)
  2 alligators
  A spriggan druid (Swamp:2)
  A death drake (Swamp:2)
  2 bog bodies
  2 lindwurms (Vaults:1)
  A will-o-the-wisp (Swamp:3)
  An ugly thing (D:15)
  2 tyrant leeches
  2 bloated husks (Swamp:2)
  A tarantella (Spider:2)
  2 hornets (Swamp:2)
  A slime creature (Vaults:1)
  A swamp drake (Swamp:2)
  23 ballistomycete spores
  3 bushes
  19 foxfires
  8 fulminant prisms
  97 fungi
  118 plants
  A snaplasher vine (Vaults:1)
  11 withered plants
308 creatures vanquished.

Grand Total: 1540 creatures vanquished

Notes
Turn   | Place    | Note
-------+----------+-------------------------------------------
     0 | D:1      | dolemite99 the Gnoll Earth Elementalist began the quest for
                  | the Orb.
     0 | D:1      | Reached XP level 1. HP: 13/13 MP: 6/6
    70 | D:1      | Reached XP level 2. HP: 19/19 MP: 3/7
  1324 | D:1      | Reached XP level 3. HP: 25/25 MP: 7/9
  1555 | D:1      | Reached skill level 5 in Spellcasting
  1587 | D:1      | Learned a level 3 spell: Stone Arrow
  2107 | D:2      | Reached skill level 1 in Invocations
  2121 | D:2      | Found a faded altar of an unknown god.
  2133 | D:2      | Prayed at the altar of an unknown god.
  2133 | D:2      | Became a worshipper of Zin the Law-Giver
  2133 | D:2      | Reached * piety under Zin
  2133 | D:2      | Reached ** piety under Zin
  2217 | D:2      | Reached skill level 1 in Fighting
  2217 | D:2      | Reached skill level 1 in Short Blades
  2217 | D:2      | Reached skill level 1 in Long Blades
  2217 | D:2      | Reached skill level 1 in Axes
  2217 | D:2      | Reached skill level 1 in Maces & Flails
  2217 | D:2      | Reached skill level 1 in Polearms
  2217 | D:2      | Reached skill level 1 in Staves
  2217 | D:2      | Reached skill level 1 in Slings
  2217 | D:2      | Reached skill level 1 in Bows
  2217 | D:2      | Reached skill level 1 in Crossbows
  2217 | D:2      | Reached skill level 1 in Throwing
  2217 | D:2      | Reached skill level 1 in Armour
  2217 | D:2      | Reached skill level 1 in Shields
  2217 | D:2      | Reached skill level 1 in Unarmed Combat
  2217 | D:2      | Reached skill level 1 in Evocations
  2481 | D:2      | Reached XP level 4. HP: 32/32 MP: 9/11
  3278 | D:3      | Reached skill level 1 in Conjurations
  3278 | D:3      | Reached skill level 1 in Hexes
  3278 | D:3      | Reached skill level 1 in Summonings
  3278 | D:3      | Reached skill level 1 in Necromancy
  3278 | D:3      | Reached skill level 1 in Translocations
  3278 | D:3      | Reached skill level 1 in Fire Magic
  3278 | D:3      | Reached skill level 1 in Ice Magic
  3278 | D:3      | Reached skill level 1 in Air Magic
  3278 | D:3      | Reached skill level 1 in Poison Magic
  3311 | D:3      | Learned a level 2 spell: Blink
  3407 | D:3      | Reached XP level 5. HP: 21/37 MP: 8/12
  3819 | D:3      | Found an ornate altar of the Wu Jian Council.
  4251 | D:3      | Found Naaggice's Book Emporium.
  4566 | D:3      | Bought a book of Minor Magic for 180 gold pieces
  4571 | D:3      | Learned a level 3 spell: Mephitic Cloud
  4655 | D:4      | Reached *** piety under Zin
  4960 | D:4      | Reached XP level 6. HP: 44/44 MP: 11/13
  4980 | D:4      | Found an ancient bone altar of Kikubaaqudgha.
  5075 | D:4      | Reached skill level 5 in Dodging
  5114 | D:4      | Noticed an orc warrior
  5121 | D:4      | Killed an orc warrior
  5122 | D:4      | Reached XP level 7. HP: 50/50 MP: 2/15
  5392 | D:4      | Noticed a hornet
  5395 | D:4      | Noticed Edmund
  5403 | D:4      | Killed a hornet
  5595 | D:4      | Reached skill level 5 in Stealth
  5906 | D:4      | Killed Edmund
  5907 | D:4      | Reached XP level 8. HP: 38/57 MP: 1/16
  6441 | D:5      | Entered Level 5 of the Dungeon
  8614 | D:6      | Reached XP level 9. HP: 51/65 MP: 15/18
  9637 | D:6      | Found a staircase to the Ecumenical Temple.
  9749 | Temple   | Entered the Ecumenical Temple
  9917 | Temple   | Fell from the grace of Zin
  9917 | Temple   | Became a worshipper of Fedhas Madash
 10488 | D:6      | Found a shimmering altar of Xom.
 10684 | D:7      | Reached * piety under Fedhas
 11441 | D:7      | Found an iron altar of Okawaru.
 11633 | D:7      | Reached skill level 5 in Invocations
 11672 | D:7      | Noticed Joseph
 11695 | D:7      | Killed Joseph
 11908 | D:7      | Found a hide-covered altar of Uskayaw.
 11915 | D:7      | Found a radiant altar of Vehumet.
 11920 | D:7      | Found an opulent altar of Gozag.
 11923 | D:7      | Found a shimmering blue altar of Sif Muna.
 12093 | D:7      | Reached XP level 10. HP: 73/73 MP: 16/20
 12193 | D:7      | Learned a level 4 spell: Petrify
 12196 | D:7      | Learned a level 2 spell: Passwall
 12199 | D:7      | Learned a level 2 spell: Call Imp
 12374 | D:8      | Found a snail-covered altar of Cheibriados.
 13284 | D:8      | Found a basalt altar of Yredelemnul.
 13298 | D:8      | Reached skill level 5 in Fighting
 13298 | D:8      | Reached skill level 5 in Short Blades
 13298 | D:8      | Reached skill level 5 in Long Blades
 13298 | D:8      | Reached skill level 5 in Axes
 13298 | D:8      | Reached skill level 5 in Maces & Flails
 13298 | D:8      | Reached skill level 5 in Polearms
 13298 | D:8      | Reached skill level 5 in Staves
 13298 | D:8      | Reached skill level 5 in Slings
 13298 | D:8      | Reached skill level 5 in Bows
 13298 | D:8      | Reached skill level 5 in Crossbows
 13298 | D:8      | Reached skill level 5 in Throwing
 13298 | D:8      | Reached skill level 5 in Armour
 13298 | D:8      | Reached skill level 5 in Shields
 13298 | D:8      | Reached skill level 5 in Unarmed Combat
 13298 | D:8      | Reached skill level 5 in Evocations
 13413 | D:8      | Found a staircase to the Lair.
 13705 | D:8      | Noticed Maggie
 13720 | D:8      | Killed Maggie
 14043 | D:8      | Found a runed translucent door.
 14048 | D:8      | Noticed tonyyikes's ghost (weakling KoDe)
 14050 | D:8      | Identified the +3 spear "Ympaijue" {vorpal, rPois rC+
                  | rCorr}
 14349 | D:9      | Found a transporter.
 14530 | D:9      | Found a transporter.
 14762 | D:9      | Reached ** piety under Fedhas
 16188 | D:9      | Reached skill level 5 in Transmutations
 16386 | D:10     | Entered Level 10 of the Dungeon
 17353 | D:10     | Found a transporter.
 17375 | D:10     | Found a hazy altar of Hepliaklqana.
 17407 | D:10     | Noticed Fannar
 17425 | D:10     | Killed Fannar
 17715 | D:10     | Found a glowing silver altar of Zin.
 17715 | D:10     | Noticed an angel
 17741 | D:10     | Found a transporter.
 17742 | D:10     | Noticed rabbitsville's ghost (journeyman TrTm)
 17746 | D:10     | Noticed a four-headed hydra
 17762 | D:10     | Reached XP level 11. HP: 81/81 MP: 12/22
 18204 | D:10     | Found a sacrificial altar of Ru.
 18583 | D:3      | Bought a book of Blasting for 320 gold pieces
 18589 | D:3      | Learned a level 4 spell: Olgreb's Toxic Radiance
 18594 | D:3      | Learned a level 4 spell: Iskenderun's Mystic Blast
 18822 | Lair:1   | Entered Level 1 of the Lair of Beasts
 18863 | Lair:1   | Noticed a six-headed hydra
 18871 | Lair:1   | Killed a six-headed hydra
 18872 | Lair:1   | Reached skill level 5 in Conjurations
 18872 | Lair:1   | Reached skill level 5 in Hexes
 18872 | Lair:1   | Reached skill level 5 in Summonings
 18872 | Lair:1   | Reached skill level 5 in Necromancy
 18872 | Lair:1   | Reached skill level 5 in Translocations
 18872 | Lair:1   | Reached skill level 5 in Fire Magic
 18872 | Lair:1   | Reached skill level 5 in Ice Magic
 18872 | Lair:1   | Reached skill level 5 in Air Magic
 18872 | Lair:1   | Reached skill level 5 in Poison Magic
 20434 | Lair:1   | Reached *** piety under Fedhas
 22009 | Lair:2   | Reached XP level 12. HP: 81/89 MP: 1/24
 23893 | Lair:2   | Noticed a five-headed hydra
 23904 | Lair:2   | Killed a five-headed hydra
 25786 | Lair:3   | Found a hole to the Spider Nest.
 27514 | Lair:4   | Reached XP level 13. HP: 55/98 MP: 6/26
 28101 | Lair:4   | Identified the +9 lajatang "Wesofiom" {speed, MP-9 Str+5
                  | Int+7}
 28468 | Lair:4   | Found a staircase to the Swamp.
 29581 | Lair:5   | Found a dark tunnel.
 31623 | Lair:6   | Entered Level 6 of the Lair of Beasts
 32003 | Lair:6   | Noticed a dire elephant
 33283 | Lair:6   | Reached skill level 10 in Spellcasting
 33790 | Lair:6   | Reached **** piety under Fedhas
 34720 | Lair:6   | Killed a dire elephant
 34738 | Lair:6   | Reached skill level 10 in Dodging
 34772 | Lair:6   | Reached XP level 14. HP: 98/106 MP: 28/28
 34772 | Lair:6   | Found a viscous altar of Jiyva.
 34803 | Lair:6   | Found a staircase to the Slime Pits.
 35564 | Lair:6   | Reached skill level 10 in Stealth
 36515 | Lair:6   | Reached skill level 10 in Invocations
 37212 | D:3      | Bought a book of Death for 440 gold pieces
 37217 | D:3      | Learned a level 4 spell: Animate Dead
 39992 | D:12     | Noticed Snorg
 40010 | D:12     | Killed Snorg
 40252 | D:12     | You fall into a shaft and drop 2 floors!
 40252 | D:14     | Noticed Louise
 40259 | D:14     | Killed Louise
 41140 | D:13     | Identified a scroll of acquirement
 41149 | D:13     | Acquired the amulet of Ripla {RegenMP Int+2 Dex+9}
 41171 | D:12     | Found a staircase to the Orcish Mines.
 41179 | D:12     | Found an opulent altar of Gozag.
 41742 | Orc:1    | Entered Level 1 of the Orcish Mines
 41749 | Orc:1    | Reached XP level 15. HP: 105/115 MP: 26/29
 42110 | Orc:1    | Paralysed by an orc sorcerer for 4 turns
 42112 | Orc:1    | Reached skill level 10 in Earth Magic
 42792 | Orc:2    | Entered Level 2 of the Orcish Mines
 42818 | Orc:2    | Noticed Donald
 42827 | Orc:2    | Killed Donald
 43025 | Orc:2    | Found a staircase to the Elven Halls.
 43163 | Orc:2    | Reached skill level 10 in Fighting
 43163 | Orc:2    | Reached skill level 10 in Short Blades
 43163 | Orc:2    | Reached skill level 10 in Long Blades
 43163 | Orc:2    | Reached skill level 10 in Axes
 43163 | Orc:2    | Reached skill level 10 in Maces & Flails
 43163 | Orc:2    | Reached skill level 10 in Polearms
 43163 | Orc:2    | Reached skill level 10 in Staves
 43163 | Orc:2    | Reached skill level 10 in Slings
 43163 | Orc:2    | Reached skill level 10 in Bows
 43163 | Orc:2    | Reached skill level 10 in Crossbows
 43163 | Orc:2    | Reached skill level 10 in Throwing
 43163 | Orc:2    | Reached skill level 10 in Armour
 43163 | Orc:2    | Reached skill level 10 in Shields
 43163 | Orc:2    | Reached skill level 10 in Unarmed Combat
 43163 | Orc:2    | Reached skill level 10 in Evocations
 44376 | Orc:2    | Learned a level 4 spell: Cause Fear
 44662 | Orc:2    | Found Hiloiffa's Jewellery Shoppe.
 45187 | Orc:2    | Found an ancient bone altar of Kikubaaqudgha.
 45191 | Orc:2    | Found Cuilaeru's Antique Weapon Shoppe.
 45387 | Orc:2    | Found a radiant altar of Vehumet.
 45433 | Orc:2    | Found Ithoin's Distillery.
 45481 | Orc:2    | Found Xiseirosh's Antique Armour Emporium.
 45603 | Orc:2    | Bought a warped leather armour for 203 gold pieces
 45603 | Orc:2    | Identified the +1 leather armour of Vujianui {Str+3} (You
                  | bought it in a shop on level 2 of the Orcish Mines)
 45613 | Orc:2    | Bought a shiny ring mail for 203 gold pieces
 45672 | Orc:2    | Bought a potion of brilliance for 68 gold pieces
 45703 | Orc:2    | Bought a ring of protection from fire for 375 gold pieces
 45705 | Orc:2    | Bought an amulet of faith for 600 gold pieces
 47726 | D:13     | Found a gate to the Vaults.
 48312 | D:14     | Found a shadowy altar of Dithmenos.
 48345 | D:14     | Noticed Josephine
 48365 | D:14     | Killed Josephine
 48806 | D:14     | Found a runed translucent gate.
 48807 | D:14     | Found a runed translucent gate.
 48807 | D:14     | Found a runed translucent gate.
 48809 | D:14     | Noticed sokol815's ghost (journeyman SpBr)
 48813 | D:14     | Noticed sammy202020's ghost (journeyman DsBe)
 49914 | D:14     | Noticed Frances
 49936 | D:14     | Killed Frances
 50239 | D:15     | Entered Level 15 of the Dungeon
 51880 | D:15     | Reached XP level 16. HP: 113/123 MP: 2/31
 52389 | D:15     | Found a staircase to the Depths.
 53988 | D:15     | Learned a level 5 spell: Lee's Rapid Deconstruction
 53995 | D:15     | Learned a level 4 spell: Fulminant Prism
 54347 | Swamp:1  | Entered Level 1 of the Swamp
 57278 | Swamp:2  | Killed a thorn hunter
 59889 | Swamp:2  | Identified the +3 trident of Yngiqoh {pain, rN+}
 62019 | Swamp:2  | You fall into a shaft and drop 1 floor!
 62329 | Swamp:3  | Killed a thorn hunter
 62470 | Swamp:3  | Reached XP level 17. HP: 128/129 MP: 16/33
 63997 | Spider:1 | Entered Level 1 of the Spider Nest
 64003 | Spider:1 | Noticed Rupert
 64038 | Spider:1 | Killed Rupert
 64991 | Spider:1 | Reached skill level 10 in Transmutations
 66561 | Spider:1 | Reached ***** piety under Fedhas
 67597 | Spider:1 | Learned a level 5 spell: Summon Forest
 68144 | Spider:2 | Reached skill level 10 in Conjurations
 68144 | Spider:2 | Reached skill level 10 in Hexes
 68144 | Spider:2 | Reached skill level 10 in Summonings
 68144 | Spider:2 | Reached skill level 10 in Necromancy
 68144 | Spider:2 | Reached skill level 10 in Translocations
 68144 | Spider:2 | Reached skill level 10 in Fire Magic
 68144 | Spider:2 | Reached skill level 10 in Ice Magic
 68144 | Spider:2 | Reached skill level 10 in Air Magic
 68144 | Spider:2 | Reached skill level 10 in Poison Magic
 68783 | Spider:2 | Found a runed translucent door.
 68786 | Spider:2 | Noticed Fawason's ghost (adept HuFi)
 73612 | Spider:3 | Reached XP level 18. HP: 140/140 MP: 21/35
 73861 | Spider:3 | Learned a level 5 spell: Summon Mana Viper
 73957 | Spider:3 | Found a hide-covered altar of Uskayaw.
 74205 | Spider:4 | Entered Level 4 of the Spider Nest
 77669 | Spider:4 | Noticed Arachne
 77707 | Spider:4 | Killed Arachne
 78412 | Spider:4 | Got a gossamer rune of Zot
 79015 | Vaults:1 | Entered Level 1 of the Vaults
 79630 | Vaults:1 | Reached ****** piety under Fedhas
 79634 | Vaults:1 | Noticed Asterion
 80685 | Vaults:1 | Noticed an ancient lich
 80709 | Vaults:1 | Killed an ancient lich
 81329 | Vaults:1 | Reached XP level 19. HP: 145/146 MP: 25/36
 81523 | Vaults:1 | Found a shimmering blue altar of Sif Muna.
 81523 | Vaults:1 | Found a transporter.
 81762 | Vaults:1 | Found a transporter.
 82006 | Vaults:1 | Slain by a harpy

Illustrated notes

Levels and vault maps discovered:
D:1:      dpeg_arrival_ternary, layout_rooms, serial_forest,
          infiniplex_forest_zigzag_1, infiniplex_forest_lined_room_3,
          infiniplex_forest_lined_room_, infiniplex_forest_straight_1,
          infiniplex_forest_straight_2
D:2:      layout_loops_cross, dreamdust_ecumenical_altar_grove, minivault_24,
          kennysheep_generic_room_9
D:3:      layout_basic, mainiacjoe_overflow_cross_hatched, serial_shops, shop
D:4:      layout_rooms, kiku_gazebo_garden_becter, dreamdust_princess_corridor,
          minmay_fractal_squares_diagonal_5, uniq_edmund
D:5:      layout_basic
D:6:      layout_cave_pools, tgw_xom, minmay_temple_entry_drinking_statues,
          minmay_between
D:7:      layout_loops_ring, okawaru_gym_becter,
          grunt_temple_overflow_cloverleaf, minmay_stone_trees_small,
          roderic_nine_men_s_morris, uniq_joseph
D:8:      layout_loops_corners, mainiacjoe_overflow_brackets,
          cheibriados_altar_1, lair_entry_dummy, ebering_ghost_funeral_grove,
          kennysheep_small_spiral, uniq_maggie
D:9:      gammafunk_steamed_eel, layout_basic
D:10:     layout_grid_maze, mainiacjoe_overflow_tiny_flanked,
          mainiacjoe_overflow_alcove_4, zin_angel, gammafunk_ghost_arena,
          uniq_fannar
D:11:     layout_irregular_city, serial_ice, serial_ice_i, serial_ice_c,
          serial_ice_h, serial_ice_b
D:12:     gammafunk_boulding_lane, layout_basic, grunt_gozag_breadcrumbs,
          uniq_snorg
D:13:     layout_cave_pools, skrybe_vaults_entry_preservation, chequers_avenue
D:14:     layout_rooms, minivault_19, gammafunk_ghost_cemetery,
          chequers_decorated_corner, eino_curves_02, grunt_dithmenos_shadows,
          uniq_louise, uniq_josephine, uniq_frances
D:15:     hangedman_depths_entry_civil_slaughter, layout_loops_ring,
          kennysheep_pointless_box, lightli_corner_chamber
Temple:   nicolae_temple_figure_zero
Lair:1:   layout_layer_cave, beast_lair_carwin_1, lemuel_fruit_fields,
          infiniplex_staircase_pool
Lair:2:   layout_layer_cave, st_stairs_5
Lair:3:   layout_chaotic_city, dummy_spider_entry
Lair:4:   layout_roguey, nicolae_swamp_entry_splash_gauntlet,
          chequers_serial_rivers_micro_e
Lair:5:   layout_long_grid, nicolae_volcano_entry_two_sided
Lair:6:   minmay_lair_end_enchanted_forest, layout_misc_corridors,
          dpeg_slime_entry_enclosed_altar, st_stairs_11, serial_bayou_pond_b,
          serial_bayou_pond_b, kilobyte_rumbling_trees
Swamp:1:  layout_basic_swamp, evilmike_swamp_ruin_house_4, swamp_pool3
Swamp:2:  nzn_winding_woodlands_small [nzn_winding_woodlands_5x15_twine,
          nzn_winding_woodlands_center_pierced_h,
          nzn_winding_woodlands_5x15_pool], layout_basic_swamp,
          evilmike_swamp_ruin_house_5, swamp_pool2, nicolae_swamp_fairy_circle
Swamp:3:  nicolae_swamp_phyte_club, layout_basic_swamp,
          nicolae_swamp_triple_paths, swamp_pool5
Spider:1: layout_spider_delve, hive_lemuel, uniq_rupert
Spider:2: layout_cave_pods, ebering_ghost_reflecting_pool,
          nicolae_spider_eight_legs
Spider:3: layout_spider_delve, special_room, drop_trap,
          nicolae_spider_altar_of_dancing
Spider:4: grunt_spider_rune_parallel, nicolae_spider_shape, uniq_arachne
Orc:1:    layout_caves, guppyfry_orc_lava_fort
Orc:2:    kennysheep_orc_mage_school, layout_caves, uniq_donald
Vaults:1: gammafunk_sealed_library, v_misc_3, nicolae_vaults_puzzle_piece,
          vaults_mumra_chevron_long, vaults_room_boxed,
          hangedman_vaults_capsules, serial_ice_m,
          nicolae_vaults_network_quincunx
          [nicolae_vaults_network_quincunx_subvault,
          nicolae_vaults_network_quincunx_subvault,
          nicolae_vaults_network_quincunx_subvault,
          nicolae_vaults_network_quincunx_subvault,
          nicolae_vaults_network_quincunx_subvault], v_misc_10, v_misc_8,
          ontoclasm_vaults_loading_screen, vaults_room_door_ring,
          vaults_dpeg_hooks, nicolae_vaults_asterisk, layout_vaults_maze,
          serial_hangedman_research, hangedman_research_convocations,
          hangedman_research_toxicology, hangedman_research_quantum,
          uniq_asterion

Skill      XL: |  1  2  3  4  5  6  7  8  9 10 11 12 13 14 15 16 17 18 |
---------------+-------------------------------------------------------+-----
Transmutations | 2 3 4 5 6 7 8 9 10 11 | 11.1
Spellcasting   | 5 6 7 8 9 10 11 12 13 | 13.7
Invocations    | 1 2 3 4 5 6 7 8 9 10 11 12 13 | 13.9
Fighting       | 1 2 3 4 5 6 7 8 9 10 11 12 | 12.8
Short Blades   | 1 2 3 4 5 6 7 8 9 10 11 12 | 12.8
Long Blades    | 1 2 3 4 5 6 7 8 9 10 11 12 | 12.8
Axes           | 1 2 3 4 5 6 7 8 9 10 11 12 | 12.8
Maces & Flails | 1 2 3 4 5 6 7 8 9 10 11 12 | 12.9
Polearms       | 1 2 3 4 5 6 7 8 9 10 11 12 | 12.8
Staves         | 1 2 3 4 5 6 7 8 9 10 11 12 | 12.8
Slings         | 1 2 3 4 5 6 7 8 9 10 11 12 | 12.8
Bows           | 1 2 3 4 5 6 7 8 9 10 11 12 | 12.8
Crossbows      | 1 2 3 4 5 6 7 8 9 10 11 12 | 12.8
Throwing       | 1 2 3 4 5 6 7 8 9 10 11 12 | 12.8
Armour         | 1 2 3 4 5 6 7 8 9 10 11 12 | 12.8
Shields        | 1 2 3 4 5 6 7 8 9 10 11 12 | 12.8
Unarmed Combat | 1 2 3 4 5 6 7 8 9 10 11 12 | 12.8
Evocations     | 1 2 3 4 5 6 7 8 9 10 11 12 | 12.8
Conjurations   | 1 2 3 4 5 6 7 8 9 10 | 10.9
Hexes          | 1 2 3 4 5 6 7 8 9 10 | 10.9
Summonings     | 1 2 3 4 5 6 7 8 9 10 | 10.9
Necromancy     | 1 2 3 4 5 6 7 8 9 10 | 10.9
Translocations | 1 2 3 4 5 6 7 8 9 10 | 10.9
Fire Magic     | 1 2 3 4 5 6 7 8 9 10 | 10.9
Ice Magic      | 1 2 3 4 5 6 7 8 9 10 | 10.9
Air Magic      | 1 2 3 4 5 6 7 8 9 10 | 10.9
Poison Magic   | 1 2 3 4 5 6 7 8 9 10 | 10.9
Dodging        | 5 6 7 8 9 10 11 12 13 | 13.6
Stealth        | 5 6 7 8 9 10 11 12 13 | 13.5
Earth Magic    | 6 7 8 9 10 11 12 | 12.1

Action                   |  1- 3 |  4- 6 |  7- 9 | 10-12 | 13-15 | 16-18 | 19-21 || total
-------------------------+-------+-------+-------+-------+-------+-------+-------++-------
Melee: Dagger            |    16 |    22 |       |       |       |       |       ||    38
       Bite              |     4 |     2 |       |       |     2 |     8 |       ||    16
       Hunting sling     |       |     2 |       |       |       |       |       ||     2
       Hand crossbow     |       |       |       |     1 |     6 |       |       ||     7
       Demon trident     |       |       |       |       |    13 |    21 |       ||    34
       Staff             |       |       |       |       |       |    35 |       ||    35
 Fire: Hunting sling     |       |    70 |   199 |    73 |       |       |       ||   342
       Hand crossbow     |       |       |       |   248 |   560 |   361 |    24 ||  1193
Throw: Dart              |       |       |     5 |     4 |     2 |    15 |       ||    26
 Cast: Sandblast         |    43 |    54 |   160 |       |       |       |       ||   257
       Stone Arrow       |     4 |     3 |    16 |   189 |   211 |   348 |       ||   771
       Mephitic Cloud    |       |     1 |     1 |     2 |     8 |    13 |       ||    25
       Call Imp          |       |       |       |     5 |     1 |       |       ||     6
       Blink             |       |       |       |     2 |     9 |    23 |     4 ||    38
       Olgreb's Toxic Ra |       |       |       |    36 |   191 |   239 |     8 ||   474
       Passwall          |       |       |       |       |     2 |       |       ||     2
       Iskenderun's Myst |       |       |       |       |     3 |     3 |       ||     6
       Fulminant Prism   |       |       |       |       |       |     8 |       ||     8
       Animate Dead      |       |       |       |       |       |     4 |       ||     4
       Summon Forest     |       |       |       |       |       |    11 |     1 ||    12
       Cause Fear        |       |       |       |       |       |     5 |       ||     5
       Summon Mana Viper |       |       |       |       |       |    41 |     1 ||    42
       Lee's Rapid Decon |       |       |       |       |       |    18 |     4 ||    22
Invok: Wall of Briars    |       |       |       |     5 |     6 |     4 |       ||    15
       Grow Ballistomyce |       |       |       |     5 |    43 |    25 |       ||    73
       Overgrow          |       |       |       |       |       |     1 |       ||     1
       Grow Oklob        |       |       |       |       |       |     2 |       ||     2
Evoke: Wand              |       |       |       |    16 |    35 |    74 |     2 ||   127
       Phantom mirror    |       |       |       |       |     5 |     8 |       ||    13
       Phial of floods   |       |       |       |       |     1 |    10 |       ||    11
       Tin of tremorston |       |       |       |       |       |     7 |     1 ||     8
  Use: Potion            |       |     2 |     2 |     2 |       |    23 |       ||    29
       Scroll            |       |    12 |     6 |    18 |    13 |    22 |     3 ||    74
 Stab: Sleeping          |       |     1 |       |       |       |       |       ||     1
       Invisible         |       |       |       |       |       |     5 |       ||     5
       Distracted        |       |       |       |       |       |     3 |       ||     3
Armor: Robe              |    13 |    15 |     6 |       |       |       |       ||    34
       Leather armour    |       |       |    78 |   124 |   122 |       |       ||   324
       Ring mail         |       |       |       |       |    96 |    63 |    25 ||   184
       Swamp dragon scal |       |       |       |       |       |   298 |       ||   298
Dodge: Dodged            |    38 |    44 |   131 |   242 |   339 |   385 |    40 ||  1219
Block: Buckler           |       |       |       |       |   113 |   313 |    18 ||   444

Table legend: (Time is in decaauts)
 A = Elapsed time spent in this place.
 B = Non-inter-level travel time spent in this place.
 C = Inter-level travel time spent in this place.
 D = Time resting spent in this place.
 E = Time spent auto-exploring this place.
 F = Levels seen in this place.
 G = Mean time per level.
                   A        B        C        D        E       F      G
               +--------+--------+--------+--------+--------+-----+--------+
         Total |  82629 |  79552 |   3077 |  46734 |  21774 |  32 | 2582.2 |
       Dungeon |  32193 |  30280 |   1913 |  16894 |   9255 |  15 | 2146.2 |
        Temple |    180 |    170 |     10 |      0 |    112 |   1 |  180.0 |
          Lair |  18957 |  18310 |    647 |  10066 |   6216 |   6 | 3159.5 |
         Swamp |   9817 |   9665 |    152 |   6992 |   1453 |   3 | 3272.3 |
   Spider Nest |  14390 |  14230 |    160 |   9374 |   2915 |   4 | 3597.5 |
  Orcish Mines |   4103 |   3927 |    176 |   1444 |   1417 |   2 | 2051.5 |
        Vaults |   2988 |   2972 |     16 |   1962 |    405 |   1 | 2988.0 |
               +--------+--------+--------+--------+--------+-----+--------+

Top non-repeatable levels by time:
 Swamp:1: 4987 daAuts
Spider:2: 4371 daAuts
  Lair:6: 4284 daAuts
Spider:1: 3711 daAuts
    D:14: 3473 daAuts
  Lair:1: 3452 daAuts
 Swamp:2: 3374 daAuts
  Lair:5: 3284 daAuts
Spider:4: 3190 daAuts
Spider:3: 3117 daAuts
   Orc:2: 2992 daAuts
Vaults:1: 2988 daAuts
    D:12: 2828 daAuts
  Lair:2: 2818 daAuts
    D:15: 2802 daAuts
